 Dungeon Crawl Stone Soup version 0.19.1 (webtiles) character file.

72 vatarom the Sneak (level 4, -1/22 HPs)
             Began as a Spriggan Assassin on Nov 29, 2016.
             Slain by a quokka (5 damage)
             ... on level 2 of the Dungeon.
             The game lasted 00:07:09 (3114 turns).

vatarom the Sneak (Spriggan Assassin)               Turns: 3114, Time: 00:07:10

Health: -1/22      AC:  0    Str:  8    XL:     4   Next: 7%
Magic:  5/5        EV: 20    Int: 12    God:
Gold:   55         SH:  3    Dex: 17    Spells: 0 memorised, 3 levels left

rFire  . . .     SeeInvis +     r - -1 dagger (curse)
rCold  . . .     Gourm    .     c - +0 robe
rNeg   . . .     Faith    .     (shield restricted)
rPois  .         Spirit   .     (helmet restricted)
rElec  .         Reflect  +     d - +0 cloak
rCorr  .         Harm     .     (gloves unavailable)
MR     .....                    (boots unavailable)
Stlth  ++++......               i - +3 amulet of reflection
                                m - ring of see invisible (curse)
                                j - -3 ring of protection (curse)

@: very quick
A: unfitting armour, see invisible, herbivore 3, speed 3, slow metabolism 2
a: no special abilities


You were on level 2 of the Dungeon.
You were not hungry.

You visited 1 branch of the dungeon, and saw 2 of its levels.

You collected 55 gold pieces.

Inventory:

Hand Weapons
 a - a +2 dagger
 b - a +0 blowgun
 r - a cursed -1 dagger (weapon)
Missiles
 e - 5 poisoned needles
 f - 2 curare-tipped needles
Armour
 c - a +0 robe (worn)
 d - a +0 cloak (worn)
Jewellery
 i - a +3 amulet of reflection (around neck)
 j - a cursed -3 ring of protection (left hand)
 k - an uncursed amulet of regeneration
 l - an uncursed ring of wizardry
 m - a cursed ring of see invisible (right hand)
Wands
 o - a wand of enslavement (1/24)
Scrolls
 p - a scroll of identify
 q - a scroll of fear {unknown}
Potions
 n - a potion of curing
Comestibles
 g - 2 bread rations
 h - a slice of pizza


   Skills:
 * Level 1.6 Fighting
 - Level 2.1 Short Blades
 - Level 2.0 Throwing
 + Level 4.4 Dodging
 - Level 7.0 Stealth


You had 3 spell levels left.
You didn't know any spells.

Dungeon Overview and Level Annotations

Branches:
Dungeon (2/15)

Altars:


Innate Abilities, Weirdness & Mutations

You are very small and have problems with some larger weapons.
You are too small for most types of armour.
You have supernaturally acute eyesight. (SInv)
You are a herbivore.
You cover ground extremely quickly.
You need consume almost no food.


Message History

A quokka is nearby!
You are too injured to fight recklessly!
You are too injured to fight recklessly!
You see here 2 stones.
You miss the quokka. The quokka misses you.
You miss the quokka. The quokka bites you.
* * * LOW HITPOINT WARNING * * *
You closely miss the quokka. You block the quokka's attack.
You hit the quokka but do no damage. The quokka barely misses you.
You closely miss the quokka. The quokka barely misses you.
You hit the quokka.
The quokka is lightly wounded.
The quokka completely misses you.
You closely miss the quokka.
The quokka is lightly wounded.
The quokka closely misses you.
You hit the quokka but do no damage.
The quokka is lightly wounded.
The quokka bites you.
You die...

#.# #####.#.#.#.##..#.## #. #.#
............##..#.# #. #.#
#####.#.........#.# #. ##.#####
##+###.#####.#.# #. #...w..#
##...##.#####.#.# #. ##.###.#
##.....#.......#.## ##
##.##.###.......######.#..## #
##...#.##.........####......#####
#.......+.......@r').<...........
##...#.##.........####...#.######
##.##.###.......## ##.##.# ####.#
##.....## ####.# #.# ##.†.##
###.##### #####.# ##'## #.......#
#.....# #.# ####.#.###.#
#†##########.#######......# #.#
#.# #...#.........##.### #.#


You could see a quokka.

Vanquished Creatures
  2 adders (D:2)
  An ooze (D:1)
  A worm (D:2)
  A dart slug (D:2)
  2 leopard geckos
  8 bats
  3 giant cockroaches
  7 goblins
  3 hobgoblins
  3 jackals (D:1)
  A quokka (D:2)
  4 frilled lizards
  4 kobolds (D:2)
  3 rats
43 creatures vanquished.

Notes
Turn   | Place    | Note
-------+----------+-------------------------------------------
     0 | D:1      | vatarom the Spriggan Assassin began the quest for the Orb.
     0 | D:1      | Reached XP level 1. HP: 10/10 MP: 2/2
   128 | D:1      | Reached skill level 6 in Stealth
   180 | D:1      | Reached XP level 2. HP: 14/14 MP: 3/3
  1311 | D:2      | Reached XP level 3. HP: 18/18 MP: 4/4
  2551 | D:2      | Reached skill level 7 in Stealth
  2551 | D:2      | Reached XP level 4. HP: 17/22 MP: 5/5
  3114 | D:2      | Slain by a quokka

Skill      XL: |  1  2  3 |
---------------+----------+-----
Dodging        | 2 3 4 |  4.4
Stealth        | 6 7 |  7.0
Fighting       | |  1.6
Short Blades   | |  2.1
Throwing       | |  2.0

Action                   |  1- 3 |  4- 6 || total
-------------------------+-------+-------++-------
Melee: Dagger            |   139 |    59 ||   198
 Fire: Blowgun           |    21 |       ||    21
  Use: Scroll            |     2 |     1 ||     3
       Potion            |     2 |       ||     2
 Stab: Sleeping          |     7 |     1 ||     8
       Distracted        |     1 |       ||     1
Armor: Robe              |     3 |       ||     3
Dodge: Dodged            |   101 |    33 ||   134
Block: Other             |     7 |     6 ||    13
